 Dungeon Crawl Stone Soup version 0.31-a0-7-g51783674b7 (webtiles) character file.

Game seed: 6188551705790991213

13542 cheesebisquit the Fighter (level 11, -2/106 HPs)
             Began as a Black Draconian Fire Elementalist on May 5, 2023.
             Was an Elder of Vehumet.
             Slain by a boulder beetle (42 damage)
             ... on level 11 of the Dungeon.
             The game lasted 01:17:45 (17885 turns).

cheesebisquit the Fighter (DrFE)                   Turns: 17885, Time: 01:17:46

Health: -2/106     AC: 12    Str: 10    XL:     11   Next: 77%
Magic:  2/32       EV: 13    Int: 21    God:    Vehumet [****..]
Gold:   102        SH:  0    Dex:  9    Spells: 4/26 levels left

rFire   . . .        G - +5 morningstar (freeze)
rCold   . . .        (no shield)
rNeg    . . .        (body armour unavailable)
rPois   .            C - +2 hat
rElec   +            (no cloak)
rCorr   .            M - +0 pair of gloves {hurl}
SInv    .            B - +1 pair of boots
Will    +....        (no amulet)
Stlth   ++           J - ring of magical power
HPRegen 0.37/turn    s - ring of willpower
MPRegen 0.23/turn

%: no passive effects
@: mighty, brilliant, hasted, very quick
A: breathe lightning, AC +7, unfitting armour, electricity resistance,
cold-blooded, clumsy 1
a: Breathe Lightning, Renounce Religion


You were on level 11 of the Dungeon.
You worshipped Vehumet.
Vehumet was greatly pleased with you.
You visited 2 branches of the dungeon, and saw 12 of its levels.
You also visited: Ossuary and Bailey.

You collected 710 gold pieces.
You spent 608 gold pieces at shops.

Inventory:

Hand Weapons
 c - a +0 club
 t - a +2 vampiric trident
 y - a +2 heavy sling
 A - a +2 whip of electrocution
 G - a +5 morningstar of freezing (weapon)
 L - the +1 falchion of Ashenzari's Outrage {speed, *Noise Fly rN+ Int+4}
   (You found it in an ossuary)

   Int:       It affects your intelligence (+4).
   rN:        It protects you from negative energy.
   Fly:       It grants you flight.
   *Noise:    It may make noises in combat.
Missiles
 p - 2 boomerangs
 E - 24 poisoned darts
Armour
 h - a +0 buckler
 B - a +1 pair of boots (worn)
 C - a +2 hat (worn)
 M - a +0 pair of gloves of hurling (worn)
Jewellery
 s - a ring of willpower (right hand)
 J - a ring of magical power (left hand)
 S - a ring of positive energy
Wands
 g - a wand of flame (8)
 I - a wand of polymorph (7)
 P - a wand of quicksilver (8)
Scrolls
 d - 2 scrolls of blinking
 f - a scroll of silence
 l - 5 scrolls of teleportation
 n - a scroll of identify
 o - 2 scrolls of vulnerability
 r - 3 scrolls of fog
 u - 2 scrolls of torment
 v - a scroll of poison
 K - 2 scrolls of magic mapping
 N - a scroll of fear {unknown}
 O - a scroll of amnesia {unknown}
 Q - a scroll of summoning
 R - a scroll of immolation
Potions
 b - a potion of berserk rage
 e - 2 potions of curing
 i - 2 potions of attraction
 j - 3 potions of lignification
 k - a potion of flight
 m - a potion of brilliance
 q - 2 potions of might
 F - a potion of mutation


   Skills:
 - Level 12.9 Fighting
 - Level 5.8 Maces & Flails
 - Level 5.2 Dodging
 + Level 2.5 Stealth
 - Level 8.0 Spellcasting
 - Level 1.0 Conjurations
 - Level 3.0 Fire Magic
 - Level 11.1 Air Magic


You had 4 spell levels left.
You knew the following spells:

 Your Spells              Type           Power      Damage    Failure   Level
a - Shock                 Conj/Air       100%       1d9       1%          1
b - Swiftness             Air            70%        N/A       1%          3
c - Airstrike             Air            35%        2d(5-21)  1%          4
d - Mephitic Cloud        Conj/Pois/Air  38%        N/A       1%          3
e - Silence               Hex/Air        23%        N/A       22%         5
f - Freezing Cloud        Conj/Ice/Air   19%        6-21      11%         5
z - Foxfire               Conj/Fire      100%       2x1d9     1%          1

Your spell library contained the following spells:

 Spells                   Type           Power      Damage    Failure   Level
 Scorch                   Fire           62%        2d7       1%          2
 Inner Flame              Hex/Fire       22%        N/A       3%          3
 Volatile Blastmotes      Fire/Tloc      44%        2d13      3%          3
 Summon Small Mammal      Summ           48%        N/A       8%          1
 Flame Wave               Conj/Fire      25%        2d8       10%         4
 Olgreb's Toxic Radiance  Pois           12%        N/A       21%         4
 Call Canine Familiar     Summ           12%        N/A       24%         3
 Gell's Gravitas          Tloc           12%        N/A       24%         3
 Portal Projectile        Hex/Tloc       24%        N/A       24%         3
 Summon Guardian Golem    Hex/Summ       12%        N/A       24%         3
 Teleport Other           Tloc           12%        N/A       24%         3
 Tukima's Dance           Hex            12%        N/A       24%         3
 Passage of Golubria      Tloc           12%        N/A       61%         4
 Blade Hands              Tmut           6%         N/A       91%         5
 Dispersal                Tloc           6%         N/A       100%        6
 Discord                  Hex            6%         N/A       100%        8
 Ignition                 Fire           15%        3d6       100%        8
 Lehudib's Crystal Spear  Conj/Erth      7%         10d3      100%        8


Dungeon Overview and Level Annotations

Branches:
Dungeon (11/15)            Temple (1/1) D:4            Lair (0/5) D:9
Ossuary (visited)          Bailey (visited)
    Orc: D:9-12

Altars:
Ashenzari
Cheibriados
Dithmenos
Elyvilon
Fedhas
Gozag
Hepliaklqana
Kikubaaqudgha
Makhleb
Nemelex Xobeh
Okawaru
Qazlal
Ru
Sif Muna
Trog
Uskayaw
Vehumet
Wu Jian
Xom
Yredelemnul
Zin
The Shining One

Shops:
D:10 !(=[

Annotations:
D:3 3 runed translucent doors, elongatedgoose's ghost, weakling DsGl
D:6 1 runed translucent door, Crazy Yiuf


Innate Abilities, Weirdness & Mutations

You can breathe wild blasts of lightning.
Your glossy black scales are hard. (AC +7)
You cannot fit into any form of body armour.
You are resistant to electric shocks. (rElec)
You are cold-blooded and may be slowed by cold attacks.
You are clumsy. (Dex -2)


Message History

You completely miss the boulder beetle.
Your tail-slap misses the boulder beetle.
The boulder beetle is moderately wounded.
The boulder beetle leaps!
Casting: Airstrike (safe; 1% risk of failure)
Confirm with . or Enter, or press ? or * to list all spells.
Okay, then.
Casting: Airstrike (safe; 1% risk of failure)
Confirm with . or Enter, or press ? or * to list all spells.
Aiming: Airstrike (safe; 1% risk of failure)
Press: ? - help, Dir - move target, f - boulder beetle
Aim: a boulder beetle (moderately wounded, empty space bonus: 2/8)
The air twists around and strikes the boulder beetle!
The boulder beetle is moderately wounded.
Casting: Airstrike (safe; 1% risk of failure)
Confirm with . or Enter, or press ? or * to list all spells.
You don't have enough magic to cast this spell.
Unknown command.
There is an open door, spattered with blood here.
You feel clever all of a sudden.
The boulder beetle curls into a ball and begins rolling!
Casting: Airstrike (safe; 1% risk of failure)
Confirm with . or Enter, or press ? or * to list all spells.
You feel a surge of power!
You conjure some foxfire!
Casting: Foxfire (safe; 1% risk of failure)
Confirm with . or Enter, or press ? or * to list all spells.
Aiming: Airstrike (safe; 1% risk of failure)
Press: ? - help, Dir - move target, f/p - boulder beetle
Aim: a boulder beetle (moderately wounded, rolling, ally target, empty space bonus: 5/8)
You feel a surge of power!
The air twists around and strikes the boulder beetle!
The boulder beetle is moderately wounded.
Casting: Airstrike (safe; 1% risk of failure)
Confirm with . or Enter, or press ? or * to list all spells.
You don't have enough magic to cast this spell.
Your foxfire dissipates!
The foxfire hits the boulder beetle but does no damage.
The boulder beetle is moderately wounded.
The boulder beetle hits you!!!
You die...

###..# . #..###
###..# .#
#..### .#.#
###..# ..#.#
#..### #..#.#
###..#
.#..#.##.)###.#
#.#..#.##@.#..
#.#..#.B###.#
#.#...°.#..##
#.#.°###...
##.#.○#))##
##..##...#
##.'.B# ######


You could see a boulder beetle (rolling).

Vanquished Creatures
  A boulder beetle (D:9)
  2 orc knights (Bailey)
  2 cyclopes (D:11)
  An ugly thing (D:10)
  A kobold demonologist (D:9)
  3 trolls
  Grinder (D:6)
  Sigmund (D:6)
  2 vampires
  9 yaks
  2 wyverns
  3 shadows
  2 steam dragons
  2 acid dragons (D:11)
  5 water moccasins
  A hornet zombie (D:6)
  7 orc warriors
  2 ice beasts
  2 black bears
  2 ogres
  5 centaurs
  2 phantoms (D:5)
  3 kobold brigands
  7 bullfrogs
  4 gnoll sergeants
  5 scorpions
  2 wyvern zombies (D:7)
  2 water moccasin zombies
  5 wights
  A water moccasin skeleton (D:6)
  11 killer bees
  2 electric eels (D:6)
  7 howler monkeys
  6 bullfrog zombies
  4 centaur zombies
  A human zombie (D:7)
  3 jellies
  2 bullfrog skeletons (D:6)
  8 orc priests
  3 hounds
  A gnoll bouda (D:4)
  4 iguanas
  3 sleepcaps
  10 orc wizards
  3 killer bee zombies
  5 mummies
  3 howler monkey zombies
  22 gnolls
  11 adders
  2 shadow imps
  4 white imps
  An ufetubus (D:3)
  8 adder zombies (Ossuary)
  A worm (D:2)
  2 dart slugs (D:1)
  53 orcs
  7 ball pythons
  8 bats
  7 endoplasms
  A giant cockroach (D:2)
  12 goblins
  6 hobgoblins
  2 jackals (D:5)
  2 quokkas
  2 frilled lizards
  4 gnoll zombies (Ossuary)
  7 hobgoblin zombies (Ossuary)
  11 kobolds
  2 kobold zombies (Ossuary)
  5 orc zombies (Ossuary)
  5 rats
348 creatures vanquished.

Vanquished Creatures (others)
  An orc wizard (D:5)
  An adder (D:6)
  A white imp (D:6)
  An orc (D:6)
  890 foxfires
  54 fungi (D:9)
  59 plants
  5 withered plants (D:6)
1012 creatures vanquished.

Grand Total: 1360 creatures vanquished

Notes
Turn   | Place    | Note
-------+----------+-------------------------------------------
     0 | D:1      | cheesebisquit the Draconian Fire Elementalist began the
                  | quest for the Orb.
     0 | D:1      | Reached XP level 1. HP: 14/14 MP: 3/3
    75 | D:1      | Reached skill level 1 in Fighting
   290 | D:1      | Reached XP level 2. HP: 24/24 MP: 3/5
   328 | D:1      | Reached skill level 2 in Fighting
  1184 | D:1      | Reached skill level 3 in Fighting
  1184 | D:1      | Reached XP level 3. HP: 31/31 MP: 4/6
  1422 | D:2      | Found a faded altar of an unknown god.
  2080 | D:2      | Reached skill level 4 in Fighting
  2083 | D:2      | Reached XP level 4. HP: 40/40 MP: 2/7
  2656 | D:3      | Noticed elongatedgoose's ghost (weakling DsGl)
  2656 | D:3      | Found a runed translucent gate.
  2656 | D:3      | Found a runed translucent gate.
  2656 | D:3      | Found a runed translucent gate.
  2979 | D:3      | Noticed a +0 falchion
  2979 | D:3      | Noticed a +0 short sword
  2981 | D:3      | Noticed a +0 spear
  2981 | D:3      | Noticed a +0 dagger
  2981 | D:3      | Noticed a +0 short sword
  2982 | D:3      | Noticed a +0 spear
  2983 | D:3      | Noticed a +0 falchion
  2983 | D:3      | Noticed a +0 dagger
  3005 | D:3      | Reached skill level 5 in Fighting
  3013 | D:3      | Reached XP level 5. HP: 37/48 MP: 1/8
  3071 | D:3      | Found a hide-covered altar of Uskayaw.
  3757 | D:4      | Reached skill level 6 in Fighting
  3823 | D:4      | Found a bloodstained altar of Trog.
  3842 | D:4      | Noticed an orc warrior
  3853 | D:4      | Reached XP level 6. HP: 24/58 MP: 1/9
  4268 | D:4      | Reached skill level 7 in Fighting
  4316 | D:4      | Found an iron altar of Okawaru.
  4544 | D:4      | Found a staircase to the Ecumenical Temple.
  4552 | Temple   | Entered the Ecumenical Temple
  4933 | D:4      | Reached skill level 8 in Fighting
  5128 | D:5      | Entered Level 5 of the Dungeon
  5141 | D:5      | Your scales start taking on a glossy black colour.
  5141 | D:5      | Reached XP level 7. HP: 69/69 MP: 3/10
  5141 | D:5      | Gained mutation: You are resistant to electric shocks.
                  | (rElec) [Black Draconian growth]
  5219 | Temple   | Became a worshipper of Vehumet
  5280 | D:4      | HP: 3/69 [orc warrior/+0 long sword (5)]
  5283 | D:4      | Reached skill level 9 in Fighting
  5939 | D:5      | Reached skill level 10 in Fighting
  5939 | D:5      | Reached XP level 8. HP: 37/79 MP: 6/11
  5940 | D:5      | Reached * piety under Vehumet
  5940 | D:5      | Offered knowledge of Shock by Vehumet.
  6835 | D:5      | Learned a level 1 spell: Shock
  6855 | D:6      | Reached skill level 1 in Air Magic
  6981 | D:6      | Noticed Sigmund
  7203 | D:6      | Reached skill level 11 in Fighting
  7627 | D:6      | Noticed Grinder
  7648 | D:6      | Killed Grinder
  7649 | D:6      | Reached skill level 5 in Air Magic
  7649 | D:6      | Reached XP level 9. HP: 56/90 MP: 2/12
  7786 | D:6      | Found a runed translucent door.
  7787 | D:6      | Noticed Crazy Yiuf
  7969 | D:6      | Reached skill level 12 in Fighting
  8130 | D:6      | Reached ** piety under Vehumet
  8229 | D:6      | Killed Sigmund
  8305 | D:6      | Offered knowledge of Kiss of Death by Vehumet.
  8883 | D:6      | Found a shadowy altar of Dithmenos.
  9505 | D:7      | Reached skill level 1 in Maces & Flails
 10166 | D:7      | Learned a level 3 spell: Swiftness
 10171 | D:7      | Learned a level 4 spell: Airstrike
 10768 | D:7      | Reached XP level 10. HP: 57/97 MP: 3/13
 10901 | D:7      | Found a hazy altar of Hepliaklqana.
 10903 | D:7      | Found a blossoming altar of Fedhas.
 11035 | D:7      | Found a basalt altar of Yredelemnul.
 11231 | D:8      | Found a sacrificial altar of Ru.
 11259 | D:8      | Offered knowledge of Mephitic Cloud by Vehumet.
 11323 | D:8      | Learned a level 3 spell: Mephitic Cloud
 11728 | D:8      | Found a sand-covered staircase.
 11741 | Ossuary  | Entered an ossuary
 11770 | Ossuary  | Reached *** piety under Vehumet
 11873 | Ossuary  | Offered knowledge of Frozen Ramparts by Vehumet.
 11914 | Ossuary  | Identified the +1 falchion of Ashenzari's Outrage {speed,
                  | *Noise Fly rN+ Int+4}
 12096 | D:8      | Found a glowing golden altar of the Shining One.
 12842 | D:9      | Noticed a boulder beetle
 12883 | D:9      | Killed a boulder beetle
 13147 | D:9      | Noticed an orange demon
 13147 | D:9      | Gained mutation: You are clumsy. (Dex -2) [a neqoxec]
 13201 | D:9      | Found a flagged portal.
 13230 | Bailey   | Entered a bailey
 13359 | Bailey   | Reached **** piety under Vehumet
 13429 | Bailey   | Noticed an orc knight
 13443 | Bailey   | Killed an orc knight
 13695 | Bailey   | Noticed an orc knight
 13705 | Bailey   | Killed an orc knight
 13706 | Bailey   | Reached skill level 5 in Maces & Flails
 13706 | Bailey   | Reached skill level 10 in Air Magic
 13898 | Bailey   | Offered knowledge of Hailstorm by Vehumet.
 13905 | Bailey   | Learned a level 5 spell: Silence
 14225 | D:9      | Reached XP level 11. HP: 106/106 MP: 8/17
 14351 | D:9      | Found a staircase to the Lair.
 14354 | D:9      | Reached skill level 5 in Dodging
 14789 | D:10     | Entered Level 10 of the Dungeon
 14919 | D:10     | Found Zeidy's Magic Scroll Boutique.
 14927 | D:10     | Bought a scroll of identify for 22 gold pieces
 14927 | D:10     | Bought a scroll of summoning for 104 gold pieces
 14927 | D:10     | Bought 3 scrolls of identify for 66 gold pieces
 14927 | D:10     | Bought a scroll of identify for 22 gold pieces
 14927 | D:10     | Bought a scroll of teleportation for 33 gold pieces
 14927 | D:10     | Bought a scroll of immolation for 44 gold pieces
 14927 | D:10     | Bought a scroll of teleportation for 33 gold pieces
 14927 | D:10     | Bought a scroll of enchant weapon for 82 gold pieces
 14927 | D:10     | Bought a scroll of magic mapping for 82 gold pieces
 14967 | D:10     | Reached skill level 5 in Spellcasting
 14992 | D:10     | Reached ***** piety under Vehumet
 15054 | D:10     | Offered knowledge of Freezing Cloud by Vehumet.
 15504 | D:10     | Found Sehimeu's Weapon Shop.
 15510 | D:10     | Found Rafitalu's Jewellery Emporium.
 15770 | D:10     | Found Vaept's Armour Boutique.
 15963 | D:10     | Found Ucoicrep's Distillery.
 15971 | D:10     | Bought a potion of heal wounds for 75 gold pieces
 15971 | D:10     | Bought a potion of curing for 45 gold pieces
 16062 | D:10     | Noticed a green ugly thing
 16124 | D:10     | Killed a green ugly thing
 16202 | D:10     | Learned a level 5 spell: Freezing Cloud
 17491 | D:11     | Noticed a boulder beetle
 17856 | D:11     | Noticed a boulder beetle
 17885 | D:11     | Slain by a boulder beetle

Illustrated notes

Levels and vault maps discovered:
D:1:      ncdulo_halloftheorcs, layout_loops_corners
D:2:      layout_loops_corners, hellmonk_ecumenical_altar_zigzags
D:3:      layout_loops_ring, nicolae_uskayaw_en_pointe,
          ebering_ghost_rock_garden
D:4:      layout_rooms, okawaru_trees_2, mainiacjoe_overflow_six_doors_small,
          minmay_temple_entry_gardened_gates
D:5:      layout_basic, serial_corexii_hall, chequers_hall_statues_wall_a,
          corexii_hall_statues_l
D:6:      layout_loops_ring, general_overflow_altar, serial_undead,
          serial_undead_f, serial_undead_b, serial_undead_c, serial_undead_e,
          serial_undead_a, serial_undead_a, kennysheep_decorative_pillar,
          amcnicky_mini_pool_medium, uniq_sigmund, uniq_grinder,
          uniq_crazy_yiuf_cottage
D:7:      layout_basic, lemuel_mausoleum_altar_yredelemnul, minitemple
D:8:      layout_basic, mainiacjoe_overflow_catwalk_spiral, enter_ossuary_2
D:9:      layout_loops_cross, due_lair_maze_entry_diamond, enter_bailey_3,
          minmay_misc_feat_encased
D:10:     layout_long_grid, serial_shops, nicolae_shop_tiny_real_fake_doors,
          shop, nicolae_lakefront_shop, shop, shop, st_stairs_7,
          dk_noncrumbling_3, minmay_microvault
D:11:     minmay_razor_zed, layout_irregular_city, solitary_fountain
Temple:   oiseaux_autumnal_temple

Skill      XL: |  1  2  3  4  5  6  7  8  9 10 11 |
---------------+----------------------------------+-----
Fighting       | 1 3 4 5 6 8 10 11 12 | 12.9
Air Magic      | 5 8 10 11 | 11.1
Maces & Flails | 2 5 |  5.8
Dodging        | 2 4 5 |  5.2
Spellcasting   | 4 8 |  8.0
Stealth        | 2 |  2.5
Conjurations   | |  1.0
Fire Magic     | |  3.0

Action                     |  1- 3 |  4- 6 |  7- 9 | 10-12 || total
---------------------------+-------+-------+-------+-------++-------
  Melee: Unarmed           |     1 |       |       |       ||     1
         Club              |    10 |       |       |       ||    10
         Short sword       |     8 |    96 |    39 |       ||   143
         Flail             |     2 |       |       |       ||     2
         Tailslap          |     1 |    20 |    41 |    39 ||   101
         Punch             |       |     1 |     3 |     5 ||     9
         Whip              |       |       |   149 |       ||   149
         Morningstar       |       |       |    79 |   252 ||   331
   Cast: Foxfire           |    57 |   117 |   285 |    60 ||   519
         Shock             |       |       |    16 |    83 ||    99
         Airstrike         |       |       |     3 |   150 ||   153
         Mephitic Cloud    |       |       |       |     6 ||     6
    Use: Potion            |       |       |     3 |    18 ||    21
         Scroll            |       |       |     1 |    22 ||    23
   Stab: Sleeping          |       |       |     3 |       ||     3
         Confused          |       |       |       |     1 ||     1
 Armour: Skin              |    15 |    37 |   182 |   159 ||   393
  Dodge: Dodged            |    21 |    89 |   258 |   236 ||   604

Table legend: (Time is in decaauts)
 A = Elapsed time spent in this place.
 B = Non-inter-level travel time spent in this place.
 C = Inter-level travel time spent in this place.
 D = Time resting spent in this place.
 E = Time spent auto-exploring this place.
 F = Levels seen in this place.
 G = Mean time per level.
                   A        B        C        D        E       F      G
               +--------+--------+--------+--------+--------+-----+--------+
         Total |  17990 |  17284 |    706 |    470 |  13860 |  14 | 1285.0 |
       Dungeon |  16576 |  15955 |    621 |    470 |  12813 |  11 | 1506.9 |
        Temple |    410 |    325 |     85 |      0 |    307 |   1 |  410.0 |
       Ossuary |    221 |    221 |      0 |      0 |     82 |   1 |  221.0 |
        Bailey |    782 |    782 |      0 |      0 |    657 |   1 |  782.0 |
               +--------+--------+--------+--------+--------+-----+--------+

Top non-repeatable levels by time:
     D:6: 2675 daAuts
    D:10: 2163 daAuts
     D:7: 1548 daAuts
     D:2: 1396 daAuts
     D:8: 1388 daAuts
     D:3: 1315 daAuts
     D:4: 1315 daAuts
     D:9: 1302 daAuts
     D:1: 1282 daAuts
     D:5: 1249 daAuts
    D:11: 939 daAuts
  Bailey: 782 daAuts
  Temple: 410 daAuts
 Ossuary: 221 daAuts
